 Dungeon Crawl Stone Soup version 0.30-a0-253-g6b895097cc (webtiles) character file.

Game seed: 6302154287051613419

12720 Ijustatesigmund the Fighter (level 11, -3/77 HPs)
             Began as a Gargoyle Fighter on Oct 13, 2022.
             Was a Believer of Cheibriados.
             Slain by a wolf spider (17 damage)
             ... on level 10 of the Dungeon.
             The game lasted 00:22:05 (10171 turns).

Ijustatesigmund the Fighter (Gargoyle Fighter)     Turns: 10171, Time: 00:22:08

Health: -3/77      AC: 23    Str: 35    XL:     11   Next: 97%
Magic:  15/15      EV: 13    Int: 14    God:    Cheibriados [**....]
Gold:   384        SH:  5    Dex: 14    Spells: 10/10 levels left

rFire   . . .      SeeInvis .    q - +0 flail (vorpal)
rCold   . . .      Faith    .    c - +0 buckler {AC+3}
rNeg    + . .      Spirit   .    b - +0 chain mail
rPois   ∞          Reflect  .    (no helmet)
rElec   +          Harm     .    n - +0 cloak
rCorr   .          Rampage  .    (no gloves)
Will    .....                    (no boots)
Stlth   ..........               (no amulet)
HPRegen 0.32/turn                m - +6 ring of strength
MPRegen 0.14/turn                r - +4 ring of evasion

@: on berserk cooldown, slowed, very slow
A: sickness immunity, AC +8, negative energy resistance 1, electricity
resistance, torment resistance 1, petrification resistance
a: Renounce Religion, Bend Time


You were on level 10 of the Dungeon.
You worshipped Cheibriados.
Cheibriados was pleased with you.
You visited 2 branches of the dungeon, and saw 13 of its levels.

You collected 780 gold pieces.
You spent 396 gold pieces at shops.

Inventory:

Hand Weapons
 a - a +0 flail of flaming
 q - a +0 vorpal flail (weapon)
Missiles
 e - 2 throwing nets (quivered)
Armour
 b - a +0 chain mail (worn)
 c - a +0 buckler of protection (worn)
 n - a +0 cloak (worn)
Jewellery
 m - a +6 ring of strength (left hand)
 r - a +4 ring of evasion (right hand)
 t - a ring of positive energy
 y - an amulet of magic regeneration
Wands
 x - a wand of flame (26)
 G - a wand of polymorph (5)
 I - a wand of mindburst (3)
Scrolls
 l - 2 scrolls of magic mapping
 s - 2 scrolls of brand weapon
 v - 2 scrolls of teleportation
 A - a scroll of summoning
 C - a scroll of vulnerability
 D - a scroll of blinking
 E - a scroll of silence
 F - 3 scrolls of identify
Potions
 d - a potion of might
 f - 3 potions of haste
 g - 3 potions of flight
 h - 2 potions of curing
 i - 3 potions of brilliance
 j - a potion of magic
 k - 3 potions of attraction
 p - 4 potions of lignification
 u - 3 potions of mutation
 w - 2 potions of heal wounds
 z - a potion of ambrosia
 B - a potion of cancellation


   Skills:
 + Level 12.8 Fighting
 + Level 11.6 Maces & Flails
 - Level 8.2 Armour
 + Level 5.5 Shields
 + Level 5.4 Invocations
 - Level 2.4 Evocations


You had 10 spell levels left.
You didn't know any spells.
Your spell library contained the following spells:

 Spells                   Type           Power      Damage    Failure   Level
 Kiss of Death            Conj/Necr      0%         2d5       78%         1
 Slow                     Hex            0%         N/A       78%         1
 Confusing Touch          Hex            0%         N/A       98%         3
 Hailstorm                Conj/Ice       0%         3d3       98%         3
 Portal Projectile        Hex/Tloc       0%         N/A       98%         3
 Spider Form              Tmut/Pois      0%         N/A       98%         3
 Tukima's Dance           Hex            0%         N/A       98%         3
 Vampiric Draining        Necr           0%         2d6       98%         3
 Dispel Undead            Necr           0%         3d6       100%        4
 Passage of Golubria      Tloc           0%         N/A       100%        4
 Blade Hands              Tmut           0%         N/A       100%        5
 Silence                  Hex/Air        0%         N/A       100%        5
 Yara's Violent Unravell  Hex/Tmut       0%         3d3       100%        5
 Eringya's Noxious Bog    Tmut/Pois      0%         N/A       100%        6
 Enfeeble                 Hex            0%         N/A       100%        7
 Lehudib's Crystal Spear  Conj/Erth      0%         10d2      100%        8
 Cigotuvi's Dreadful Rot  Necr/Pois/Air  Unusable   N/A       N/A         2

Dungeon Overview and Level Annotations

Branches:
Dungeon (12/15)            Temple (1/1) D:5            Lair (0/5) D:8
    Orc (0/2) D:10

Altars:
Ashenzari
Cheibriados
Dithmenos
Elyvilon
Fedhas
Gozag
Hepliaklqana
Kikubaaqudgha
Makhleb
Nemelex Xobeh
Okawaru
Qazlal
Ru
Sif Muna
Trog
Uskayaw
Vehumet
Wu Jian
Xom
Yredelemnul
The Shining One

Shops:
D:1 ?   D:2 [   D:6 ?   D:10 (

Annotations:
D:5 1 runed translucent door
Temple 2 transporters


Innate Abilities, Weirdness & Mutations

You are immune to sickness and miasma.
Your stone body is resilient. (AC +8)
You are immune to poison.
You resist negative energy. (rN+)
You are resistant to electric shocks. (rElec)
You are resistant to unholy torment.
You are immune to petrification.


Message History

The centaur warrior misses you.
The centaur warrior kicks you but does no damage.
The wolf spider hits you.
* * * LOW HITPOINT WARNING * * *
The wolf spider bites you.
* * * LOW HITPOINT WARNING * * *
You feel much better.
The centaur warrior hits you but does no damage.
You writhe in agony.
The centaur warrior kicks you but does no damage.
The wolf spider hits you but does no damage.
The wolf spider bites you but does no damage.
The centaur warrior hits you with a staff of death!
The centaur warrior kicks you but does no damage.
The wolf spider closely misses you.
The wolf spider bites you but does no damage.
You block the centaur warrior's attack. x2
The centaur warrior attacks as you move away!
The centaur warrior hits you but does no damage.
You writhe in agony.
* * * LOW HITPOINT WARNING * * *
The centaur warrior kicks you but does no damage.
The wolf spider attacks as you move away!
The wolf spider barely misses you. The wolf spider closely misses you.
Your surroundings suddenly seem different.
You start resting.
A wolf spider is nearby!
The wolf spider's many legs skitter.
The wolf spider hits you.
* * * LOW HITPOINT WARNING * * *
The wolf spider bites you.
* * * LOW HITPOINT WARNING * * *
You feel a little less mighty now. The wolf spider barely misses you. x2
The wolf spider hits you but does no damage.
The wolf spider bites you but does no damage.
You block the wolf spider's attack. The wolf spider bites you.
* * * LOW HITPOINT WARNING * * *
The wolf spider hits you!
You die...

#...)....<..# #..)).......#
#...........# #....)......#
#......))...# #...........# #
#<..........# # #.....s...).# #
############....@......##########
.................................
.................................
.......................).........
############...........##########
#...........# # #..[........# #
#...........# # #...........# #


You could see a wolf spider.

Vanquished Creatures
  A two-headed ogre (D:9)
  A centaur warrior (D:10)
  Pikel (D:3)
  The ghost of grizmgrazm2 the Trooper, a novice DjTm (D:6)
  A deep elf pyromancer (D:12)
  A gargoyle (D:10)
  The ghost of Tewichka the Digger, a novice DgEE (D:5)
  A rime drake (D:8)
  A kobold demonologist (D:8)
  2 unseen horrors
  2 trolls
  A queen bee (shapeshifter) (D:10)
  Prince Ribbit (D:9)
  3 slime creatures (D:10)
  2 shadows
  9 yaks
  Eustachio (D:6)
  A steam dragon (D:8)
  8 vampire mosquitoes
  Menkaure (D:4)
  An acid dragon (D:12)
  Edmund (D:4)
  A water moccasin (D:7)
  3 sky beasts
  Duvessa (D:7)
  A black bear (D:5)
  6 ice beasts
  An ogre (D:4)
  3 orc warriors
  4 wolves (D:8)
  A centaur (D:9)
  Blork the orc (D:5)
  5 kobold brigands
  4 bullfrogs
  A necrophage (D:6)
  3 scorpions
  Dowan (D:7)
  8 killer bees
  5 howler monkeys
  An electric eel (D:8)
  A vampire bat (D:5)
  5 orc priests
  2 hounds
  A jelly (D:4)
  3 iguanas
  3 orc wizards
  10 adders
  A white imp (D:5)
  An ufetubus (D:2)
  6 worms
  A dart slug (D:1)
  3 fire bats (D:5)
  45 orcs
  2 spectral bats (D:5)
  9 ball pythons
  10 bats
  3 bat skeletons (D:5)
  A bat zombie (D:5)
  4 endoplasms
  A giant cockroach (D:4)
  4 goblins
  6 hobgoblins
  6 jackals
  5 quokkas
  A bat simulacrum (D:5)
  2 frilled lizards (D:2)
  13 kobolds
  3 rats
244 creatures vanquished.

Vanquished Creatures (others)
  A fungus (D:3)
1 creature vanquished.

Grand Total: 245 creatures vanquished

Notes
Turn   | Place    | Note
-------+----------+-------------------------------------------
     0 | D:1      | Ijustatesigmund the Gargoyle Fighter began the quest for
                  | the Orb.
     0 | D:1      | Reached XP level 1. HP: 14/14 MP: 1/1
   130 | D:1      | Reached XP level 2. HP: 19/19 MP: 2/2
   217 | D:1      | Found Piurem's Magic Scroll Shop.
   637 | D:2      | Found Usegh's Antique Armour Shoppe.
   693 | D:2      | Found an ancient bone altar of Kikubaaqudgha.
   696 | D:2      | Reached XP level 3. HP: 14/24 MP: 3/3
   737 | D:2      | Reached skill level 4 in Fighting
  1005 | D:2      | Reached XP level 4. HP: 29/30 MP: 4/4
  1367 | D:3      | Found a faded altar of an unknown god.
  1556 | D:3      | Reached XP level 5. HP: 25/34 MP: 5/5
  2086 | D:4      | Reached skill level 5 in Fighting
  2186 | D:4      | Reached XP level 6. HP: 35/40 MP: 6/6
  2206 | D:4      | Noticed Edmund
  2220 | D:4      | Killed Edmund
  2221 | D:4      | Reached skill level 6 in Fighting
  2336 | D:4      | Noticed Menkaure
  2345 | D:4      | Killed Menkaure
  2346 | D:4      | Reached skill level 5 in Maces & Flails
  2346 | D:4      | Reached XP level 7. HP: 38/47 MP: 7/7
  2772 | D:5      | Entered Level 5 of the Dungeon
  2772 | D:5      | Noticed Pikel
  2779 | D:4      | Reached skill level 7 in Fighting
  2806 | D:3      | Killed Pikel
  2807 | D:3      | Reached skill level 8 in Fighting
  2807 | D:3      | Reached XP level 8. HP: 21/54 MP: 8/8
  2988 | D:5      | Found a staircase to the Ecumenical Temple.
  3221 | D:5      | Found a runed translucent door.
  3241 | D:5      | Noticed Tewichka's ghost (novice DgEE)
  3375 | D:5      | Reached skill level 9 in Fighting
  3488 | D:5      | Noticed Blork the orc
  3494 | D:5      | Killed Blork the orc
  3627 | D:5      | Found a runed translucent door.
  3683 | D:5      | Killed Tewichka's ghost
  3684 | D:5      | Reached XP level 9. HP: 24/61 MP: 9/9
  3689 | D:5      | Got the Volume of the Blizzard and Intoxication
  3859 | D:6      | Noticed Eustachio
  3859 | D:6      | Found Bumadycw's Magic Scroll Boutique.
  3879 | D:6      | Killed Eustachio
  3947 | D:6      | Found a glowing golden altar of the Shining One.
  4369 | D:6      | Found a runed translucent door.
  4371 | D:6      | Noticed grizmgrazm2's ghost (novice DjTm)
  4382 | D:6      | Killed grizmgrazm2's ghost
  4383 | D:6      | Reached skill level 5 in Armour
  4466 | D:7      | Reached skill level 10 in Fighting
  4634 | D:7      | Noticed Duvessa
  4638 | D:7      | Noticed Dowan
  4672 | D:7      | Killed Dowan
  4775 | D:7      | Killed Duvessa
  4821 | D:7      | Found a hazy altar of Hepliaklqana.
  5217 | D:2      | Bought a shimmering ring mail for 216 gold pieces
  5217 | D:2      | Identified the +3 ring mail "Buhin" {-Tele Str+6} (You
                  | bought it in a shop on level 2 of the Dungeon)
  5217 | D:2      | Bought a glowing buckler for 180 gold pieces
  5339 | D:7      | Reached XP level 10. HP: 68/68 MP: 10/10
  5359 | D:7      | Found a shadowy altar of Dithmenos.
  5614 | D:7      | Found a broken altar of Ashenzari.
  5620 | D:7      | Found a basalt altar of Yredelemnul.
  5623 | D:7      | Found a shimmering altar of Xom.
  6170 | D:8      | Reached skill level 11 in Fighting
  6170 | D:8      | Found a staircase to the Lair.
  6345 | D:8      | Reached skill level 10 in Maces & Flails
  6682 | D:8      | Killed an unseen horror
  7373 | D:9      | Noticed a kobold demonologist
  7381 | D:8      | Noticed a smoke demon
  7385 | D:8      | Killed a kobold demonologist
  7496 | Temple   | Entered the Ecumenical Temple
  7496 | Temple   | Found a transporter.
  7496 | Temple   | Found a transporter.
  7498 | Temple   | Found a transporter.
  7498 | Temple   | Found a transporter.
  7518 | Temple   | Became a worshipper of Cheibriados the Contemplative
  7644 | D:9      | Noticed a two-headed ogre
  7658 | D:9      | Killed a two-headed ogre
  7659 | D:9      | Reached skill level 1 in Invocations
  7659 | D:9      | Reached skill level 1 in Evocations
  7659 | D:9      | Reached XP level 11. HP: 49/76 MP: 10/12
  7806 | D:9      | Identified the +1 scale mail of the Villain {+Inv Will+++
                  | Regen+ Dex-3}
  7927 | D:9      | Reached skill level 12 in Fighting
  8275 | D:9      | Noticed Prince Ribbit
  8287 | D:9      | Found a burning altar of Makhleb.
  8292 | D:9      | Killed Prince Ribbit
  8384 | D:10     | Entered Level 10 of the Dungeon
  8564 | D:10     | Reached * piety under Cheibriados
  8585 | D:10     | Found a runed translucent door.
  8585 | D:10     | Noticed an entropy weaver
  8590 | D:10     | an entropy weaver changed into a hog
  8805 | D:10     | Noticed an eight-headed hydra
  8828 | D:10     | You fall into a shaft and drop 2 floors!
  8834 | D:12     | Noticed a deep elf pyromancer
  8842 | D:12     | Killed a deep elf pyromancer
  8889 | D:12     | Identified the +7 long sword of Pestilence {venom, rElec
                  | Str+2}
  9471 | D:10     | Found a staircase to the Orcish Mines.
  9471 | D:10     | Found Qayder's Weapon Boutique.
  9531 | D:10     | Reached ** piety under Cheibriados
  9758 | D:10     | Reached skill level 5 in Shields
  9772 | D:10     | Reached skill level 5 in Invocations
 10138 | D:10     | Noticed a centaur warrior
 10139 | D:10     | Noticed a centaur warrior
 10139 | D:10     | Noticed an ice dragon
 10139 | D:10     | Noticed a wolf spider
 10148 | D:10     | Killed a centaur warrior
 10171 | D:10     | Slain by a wolf spider

Illustrated notes

Levels and vault maps discovered:
D:1:      dpeg_arrival_rhombi, layout_basic, serial_shops, nicolae_square_shop
D:2:      layout_rooms, serial_shops, nicolae_shop_hallway_stairs, basic_altar
D:3:      layout_basic, shapermc_ecumenical_altar_petra
D:4:      layout_cave_pools, kennysheep_generic_room_16, uniq_menkaure,
          uniq_edmund
D:5:      layout_gridville, temple_pool_b, ebering_ghost_sewer_f,
          goddamned_bats, uniq_blork_the_orc, uniq_pikel
D:6:      layout_gridville, mainiacjoe_overflow_paths, serial_shops,
          nicolae_stop_n_shop_1, ebering_ghost_reflecting_pool, uniq_eustachio
D:7:      layout_gridville, nzn_hepliaklqana_mist_gate, lemuel_round_altar,
          minmay_overflow_temple_star_quad, grunt_ministairs_8, uniq_duvessa
D:8:      layout_basic, hellmonk_lair_entry_icy, special_room
          [special_room_orc], serial_bayou_crossing
D:9:      layout_rooms, marbit_many_paths, uniq_prince_ribbit1
D:10:     layout_cross, orc_david_3, minivault_13
D:11:     layout_roguey, gammafunk_ghost_grave, uniq_erica
D:12:     layout_stronghold, serial_shops, shop, hangedman_decor_points,
          minmay_misc_feat_nine_boxes, minmay_puff
Temple:   hellmonk_temple_divided_pantheon

Skill      XL: |  1  2  3  4  5  6  7  8  9 10 11 |
---------------+----------------------------------+-----
Fighting       | 4 5 6 8 9 10 11 12 | 12.8
Maces & Flails | 3 4 5 7 8 9 10 11 | 11.6
Armour         | 4 6 8 |  8.2
Invocations    | 1 5 |  5.4
Evocations     | 1 2 |  2.4
Shields        | 5 |  5.5

Action                   |  1- 3 |  4- 6 |  7- 9 | 10-12 || total
-------------------------+-------+-------+-------+-------++-------
Melee: Flail             |    97 |    77 |   339 |   538 ||  1051
Throw: Throwing net      |       |       |       |     3 ||     3
Invok: Bend Time         |       |       |       |     1 ||     1
Evoke: Wand              |       |       |       |     1 ||     1
  Use: Scroll            |     4 |     7 |     7 |     9 ||    27
       Potion            |       |     2 |     7 |     4 ||    13
Armor: Scale mail        |    50 |    38 |   218 |       ||   306
       Chain mail        |       |       |     4 |   478 ||   482
Dodge: Dodged            |    58 |    24 |   314 |   429 ||   825
Block: Buckler           |    19 |     9 |    77 |   161 ||   266

Table legend: (Time is in decaauts)
 A = Elapsed time spent in this place.
 B = Non-inter-level travel time spent in this place.
 C = Inter-level travel time spent in this place.
 D = Time resting spent in this place.
 E = Time spent auto-exploring this place.
 F = Levels seen in this place.
 G = Mean time per level.
                   A        B        C        D        E       F      G
               +--------+--------+--------+--------+--------+-----+--------+
         Total |  10542 |   9925 |    617 |   1123 |   6673 |  13 |  810.9 |
       Dungeon |  10495 |   9879 |    616 |   1123 |   6667 |  12 |  874.6 |
        Temple |     47 |     47 |      0 |      0 |      6 |   1 |   47.0 |
               +--------+--------+--------+--------+--------+-----+--------+

Top non-repeatable levels by time:
     D:8: 1420 daAuts
    D:10: 1267 daAuts
     D:7: 1244 daAuts
     D:9: 1168 daAuts
     D:3: 1120 daAuts
     D:5: 1018 daAuts
     D:4: 752 daAuts
     D:6: 707 daAuts
     D:1: 649 daAuts
     D:2: 591 daAuts
    D:12: 550 daAuts
  Temple: 47 daAuts
    D:11: 4 daAuts
